 Dungeon Crawl Stone Soup version 0.30-a0-808-g6e0788376e (webtiles) character file.

Game seed: 5876783010418955335

48 Nacht the Digger (level 3, -2/19 HPs)
             Began as a Deep Elf Earth Elementalist on Feb 27, 2023.
             Slain by a gnoll
             ... wielding a +1 heavy flail
              (20 damage)
             ... on level 2 of the Dungeon.
             The game lasted 00:01:35 (1176 turns).

Nacht the Digger (Deep Elf Earth Elementalist)      Turns: 1176, Time: 00:01:36

Health: -2/19      AC:  3    Str:  5    XL:     3   Next: 50%
Magic:  2/9        EV: 12    Int: 21    God:
Gold:   32         SH:  5    Dex: 15    Spells: 2/8 levels left

rFire   . . .      SeeInvis .    (no weapon)
rCold   . . .      Faith    .    (no shield)
rNeg    . . .      Spirit   .    a - +0 robe
rPois   .          Reflect  +    j - +0 helmet
rElec   .          Harm     .    (no cloak)
rCorr   .          Rampage  .    (no gloves)
Will    .....                    (no boots)
Stlth   ++                       h - amulet of reflection
HPRegen 0.23/turn                (no ring)
MPRegen 0.11/turn                (no ring)

@: very slightly contaminated
A: no striking features
a: no special abilities


You were on level 2 of the Dungeon.
You visited 1 branch of the dungeon, and saw 2 of its levels.

You collected 32 gold pieces.

Inventory:

Missiles
 d - 3 poisoned darts
Armour
 a - a +0 robe (worn)
 j - a +0 helmet (worn)
Jewellery
 h - an amulet of reflection (around neck)
Scrolls
 c - a scroll of enchant weapon {unknown}
 e - a scroll of noise {unknown}
 g - a scroll of fear {unknown}
 i - a scroll of identify {unknown}
Potions
 b - a potion of magic
 f - a potion of might {unknown}
 k - a potion of curing {unknown}


   Skills:
 - Level 2.4 Dodging
 - Level 2.4 Stealth
 - Level 3.0 Spellcasting
 - Level 2.0 Conjurations
 - Level 1.1 Transmutations
 + Level 4.5 Earth Magic


You had 2 spell levels left.
You knew the following spells:

 Your Spells              Type           Power      Damage    Failure   Level
a - Sandblast             Erth           44%        2d11      1%          1
c - Passwall              Tmut/Erth      11%        N/A       6%          2
w - Stone Arrow           Conj/Erth      32%        3d9       11%         3

Your spell library contained the following spells:

 Spells                   Type           Power      Damage    Failure   Level
 Necrotise                Necr           12%        1d4       13%         1
 Ignite Poison            Fire/Tmut/Pois 4%         N/A       34%         3
 Kindle Blastsparks       Fire/Tloc/Air  6%         2d10      36%         3
 Vampiric Draining        Necr           3%         2d6       36%         3
 Petrify                  Tmut/Erth      14%        N/A       38%         4
 Freezing Cloud           Conj/Ice/Air   2%         6-21      96%         5
 Agony                    Necr           3%         N/A       98%         5


Dungeon Overview and Level Annotations

Branches:
Dungeon (2/15)

Altars:


Message History

The jackal barks!
You hit the jackal.
The jackal is moderately wounded.
The jackal bites you. x2
Casting: Sandblast (safe; 2% risk of failure)
Confirm with . or Enter, or press ? or * to list all spells.
Aiming: Sandblast (safe; 2% risk of failure)
Press: ? - help, Shift-Dir - straight line, f - jackal
Aim: a jackal (moderately wounded, 79% to hit)
The blast of sand hits the jackal!
You kill the jackal!
The jackal misses you.
Casting: Sandblast (safe; 2% risk of failure)
Confirm with . or Enter, or press ? or * to list all spells.
Aiming: Sandblast (safe; 2% risk of failure)
Press: ? - help, Shift-Dir - straight line, f - jackal
Aim: a jackal (79% to hit)
The blast of sand hits the jackal.
The jackal is heavily wounded.
The jackal closely misses you. The jackal barely misses you.
A gnoll comes into view.
It is wielding a +2 whip of electrocution.
Casting: Sandblast (safe; 2% risk of failure)
Confirm with . or Enter, or press ? or * to list all spells.
Aiming: Sandblast (safe; 2% risk of failure)
Press: ? - help, Shift-Dir - straight line, f/p - jackal
Aim: a jackal (heavily wounded, 79% to hit)
The blast of sand hits the jackal!
You kill the jackal!
The gnoll shouts!
Casting: Sandblast (safe; 1% risk of failure)
Confirm with . or Enter, or press ? or * to list all spells.
Aiming: Sandblast (safe; 1% risk of failure)
Press: ? - help, Shift-Dir - straight line, f - gnoll
Aim: a gnoll, wielding a +1 heavy flail (85% to hit)
You miscast Sandblast.
You are very lightly contaminated with residual magic.
Nothing appears to happen.
The gnoll hits you with a +1 heavy flail!!
Ouch! That really hurt!
You die...

#.#........######## ..######.##
#..........# ..........#
#..........# P #.........#
#########...# ###.
#.........###P....###...# ##.#.
#.........##..PP...##...#####..#.
#.........#.P...P...#.......#.##
#.........###########.....>....##
.....†..†.ghhJ.g@..............#P
.....†h>†.############.........##
...h......#..P......##...........
..........##PP..P.P##..........##
..####..†.###..P.P###...#†.....#.
h. #....# #########...#......## .
...... #........####......#
.h......########## #####.###
#...†


You could see 2 gnolls, an endoplasm and 2 jackals.

Vanquished Creatures
  5 dart slugs
  3 ball pythons (D:1)
  5 bats
  An endoplasm (D:1)
  2 giant cockroaches (D:1)
  2 goblins (D:1)
  6 hobgoblins
  3 jackals (D:2)
  A frilled lizard (D:1)
  4 kobolds (D:1)
  4 rats
36 creatures vanquished.

Notes
Turn   | Place    | Note
-------+----------+-------------------------------------------
     0 | D:1      | Nacht the Deep Elf Earth Elementalist began the quest for
                  | the Orb.
     0 | D:1      | Reached XP level 1. HP: 10/10 MP: 6/6
   102 | D:1      | Reached skill level 1 in Conjurations
   132 | D:1      | Reached XP level 2. HP: 15/15 MP: 5/8
   570 | D:1      | Reached skill level 4 in Earth Magic
   593 | D:1      | Reached XP level 3. HP: 19/19 MP: 4/9
   955 | D:1      | Learned a level 2 spell: Passwall
   959 | D:1      | Learned a level 3 spell: Stone Arrow
  1176 | D:2      | Slain by a gnoll

Illustrated notes

Levels and vault maps discovered:
D:1:      heliophobic_arrival_battle_scene, layout_basic, st_stairs_9
D:2:      cheibrodos_greedy_goblins, layout_basic,
          hellmonk_ecumenical_altar_zigzags, serial_aquarium,
          aquarium_bridge_long_joined [aquarium_subvault_bridge,
          aquarium_subvault_bridge, aquarium_subvault_wall,
          aquarium_subvault_window, aquarium_subvault_balcony,
          aquarium_subvault_wall], aquarium_bridge_straight
          [aquarium_subvault_bridge, aquarium_subvault_wall,
          aquarium_subvault_bridge, aquarium_subvault_window],
          aquarium_window_1, aquarium_window_1, aquarium_view_2b,
          aquarium_view_2a, uniq_crazy_yiuf_cottage, uniq_jessica

Skill      XL: |  1  2 |
---------------+-------+-----
Conjurations   | 1 2 |  2.0
Earth Magic    | 4 |  4.5
Dodging        | |  2.4
Stealth        | |  2.4
Spellcasting   | |  3.0
Transmutations | |  1.1

Action                     || total
---------------------------++-------
  Melee: Unarmed           ||     1
   Cast: Sandblast         ||    51
 Armour: Robe              ||     3
  Dodge: Dodged            ||    11
  Block: Other             ||     1

Table legend: (Time is in decaauts)
 A = Elapsed time spent in this place.
 B = Non-inter-level travel time spent in this place.
 C = Inter-level travel time spent in this place.
 D = Time resting spent in this place.
 E = Time spent auto-exploring this place.
 F = Levels seen in this place.
 G = Mean time per level.
                   A        B        C        D        E       F      G
               +--------+--------+--------+--------+--------+-----+--------+
         Total |   1201 |   1167 |     34 |      0 |    927 |   2 |  600.5 |
       Dungeon |   1201 |   1167 |     34 |      0 |    927 |   2 |  600.5 |
               +--------+--------+--------+--------+--------+-----+--------+

Top non-repeatable levels by time:
     D:1: 978 daAuts
     D:2: 223 daAuts
